 Dungeon Crawl Stone Soup version 0.31-a0-1091-g283494c966 (webtiles) character file.

Game seed: 13449029539710508664

26727 kae the Covert (level 13, -6/98 HPs)
             Began as a Demonspawn Enchanter on Nov 28, 2023.
             Was a High Priest of Dithmenos.
             Mangled by a minotaur
             ... wielding a +0 bardiche
              (36 damage)
             ... in a Gauntlet.
             The game lasted 00:21:05 (12967 turns).

kae the Covert (Demonspawn Enchanter)              Turns: 12967, Time: 00:21:05

Health: -6/98      AC: 14    Str: 10    XL:     13   Next: 0%
Magic:  0/23       EV: 11    Int: 19    God:    Dithmenos [*****.]
Gold:   810        SH:  9    Dex: 15    Spells: 2/26 levels left

rFire   x . .        o - +4 dagger (flame)
rCold   . . .        E - +0 buckler
rNeg    . . .        C - +2 troll leather armour
rPois   .            (no helmet)
rElec   .            I - scarf {shadows}
rCorr   .            u - +2 pair of gloves
SInv    +            g - +1 pair of boots {rampage}
Will    .....        n - amulet of reflection
Stlth   +++++++      O - +4 ring of protection
HPRegen 1.16/turn    v - ring of see invisible
MPRegen 0.36/turn

%: no teleportation, reflection, guardian spirit, rampage
@: wreathed by umbra
A: magic shield, magic regeneration, demonic magic 1, demonic touch 2, passive
freeze, heat vulnerability 1
a: Renounce Religion, Shadow Step, Shadow Form


You were in a Gauntlet.
You worshipped Dithmenos.
Dithmenos was extremely pleased with you.
You visited 3 branches of the dungeon, and saw 15 of its levels.
You also visited: Ossuary and Gauntlet.

You collected 810 gold pieces.


Innate Abilities, Weirdness & Mutations

When hurt, damage is shared between your health and your magic reserves.
You regenerate magic rapidly.
Spells you cast may paralyse adjacent enemies.
Your touch may inflict irresistible damage on your foes.
A frigid envelope surrounds you and freezes all who hurt you.
You are vulnerable to heat. (rF-)


   Skills:
 + Level 8.2 Fighting
 * Level 10.5 Short Blades
 + Level 0.2 Armour
 + Level 2.0 Dodging
 * Level 11.7 Stealth
 * Level 0.6 Shields
 - Level 7.0 Spellcasting
 * Level 10.0 Hexes
 - Level 5.0 Ice Magic


You had 2 spell levels left.
You knew the following spells:

 Your Spells              Type           Power      Damage    Failure   Level
a - Ensorcelled Hibernat  Hex/Ice        70%        N/A       1%          2
b - Confusing Touch       Hex            44%        N/A       1%          3
c - Tukima's Dance        Hex            44%        N/A       1%          3
d - Dazzling Flash        Conj/Hex       50%        N/A       8%          3
e - Cause Fear            Hex            22%        N/A       3%          4
f - Enfeeble              Hex            22%        N/A       96%         7
g - Jinxbite              Hex            88%        N/A       1%          2

Your spell library contained the following spells:

 Spells                   Type           Power      Damage    Failure   Level
 Magic Dart               Conj           24%        1d4       21%         1
 Passwall                 Tmut/Erth      5%         N/A       30%         2
 Searing Ray              Conj           12%        2d4       30%         2
 Anguish                  Hex/Necr       12%        N/A       26%         4
 Fulminant Prism          Conj/Hex       12%        3d8       26%         4
 Swiftness                Air            6%         N/A       52%         3

Inventory:

Hand Weapons
 a - a +1 vampiric dagger
 o - a +4 dagger of flaming (weapon)
   (You found it on level 4 of the Dungeon)
Armour
 g - a +1 pair of boots of rampaging (worn)
   (You found it in a Gauntlet)
 u - a +2 pair of gloves (worn)
   (You found it on level 6 of the Dungeon)
 C - a +2 troll leather armour (worn)
   (You found it on level 10 of the Dungeon)
 D - a +0 leather armour of fire resistance
   (You found it on level 10 of the Dungeon)
 E - a +0 buckler (worn)
   (You found it on level 1 of the Lair of Beasts)
 I - a scarf of shadows (worn)
   (You found it on level 2 of the Lair of Beasts)
 K - the +1 cloak "Musal" {*Corrode +Blink rN++ Str-5}
   (You found it in a Gauntlet)

   Str-5:     It affects your strength (-5).
   rN++:      It greatly protects you from negative energy.
   +Blink:    It lets you blink.
   *Corrode:  It may corrode you when you take damage.
Magical Staves
 b - a staff of air {!a}
   (You found it on level 11 of the Dungeon)
Jewellery
 n - an amulet of reflection (around neck)
   (You found it on level 8 of the Dungeon)
 v - a ring of see invisible (right hand)
   (You found it on level 3 of the Dungeon)
 L - a ring of flight
   (You found it on level 2 of the Dungeon)
 N - a ring of positive energy
   (You found it on level 8 of the Dungeon)
 O - a +4 ring of protection (left hand)
   (You found it on level 6 of the Dungeon)
 P - a ring of poison resistance
   (You found it on level 9 of the Dungeon)
 R - a ring of resist corrosion
   (You found it on level 5 of the Dungeon)
Wands
 k - a wand of iceblast (4)
   (You found it on level 3 of the Dungeon)
 q - a wand of paralysis (10)
   (You found it on level 6 of the Dungeon)
 s - a wand of flame (45)
   (You found it on level 6 of the Dungeon)
Scrolls
 e - a scroll of brand weapon
 j - 3 scrolls of blinking {!r}
 m - 5 scrolls of immolation {!r!r}
 r - 3 scrolls of revelation
 t - 6 scrolls of teleportation {@r4}
 w - 4 scrolls of vulnerability {!r!r}
 y - 3 scrolls of poison {!r}
 F - a scroll of summoning
 G - a scroll of fear
Potions
 c - 4 potions of invisibility
 f - 2 potions of ambrosia
 i - 4 potions of brilliance
 l - 8 potions of curing {@q1}
 p - 3 potions of heal wounds {@q2}
 x - a potion of attraction {!q}
 z - 3 potions of lignification {!q}
 A - a potion of mutation {!q}
 B - a potion of magic
 H - a potion of cancellation {unknown}
 J - a potion of berserk rage {unknown}

Dungeon Overview and Level Annotations

Branches:
Dungeon (11/15) Zot: 26182  Temple (1/1) D:4 Zot: 5983    Lair (3/5) D:11 Zot: 15948
 Spider (0/4) Lair:3      Ossuary (visited)         Gauntlet (1/1) Zot: 5504
  Swamp: Lair:2-3    Shoals: Lair:2-3       Orc: D:9-12

Altars:
Ashenzari
Cheibriados
Dithmenos
Fedhas
Gozag
Hepliaklqana
Kikubaaqudgha
Makhleb
Nemelex Xobeh
Okawaru
Qazlal
Ru
Sif Muna
Trog
Uskayaw
Vehumet
Wu Jian
Xom
Yredelemnul

Shops:
D:3 =   D:6 [

Portals:
Trove: D:10 (give 8 potions of haste)

Annotations:
D:3 2 transporters, decrepitude's ghost, amateur GrMo
D:4 Eustachio
D:8 exclusion: downstairs Gauntlet 17 runed translucent doors, 8 transporters, exclusion: obsidian statue

#).)# #8.8# ####}.[# #
###8.#8.8# 8### #....#...# ...
#.#..#8H8#..# #.#..##@##..#.#
#.............# #.#.##.#.##.#.
#.#....#....#.#
###.#.#######.#.###
#≈...............≈# ###
####8.8.8..©.©..8.8.8#### #8#
#8##§...............≈##8#
################################


You could see a minotaur.


Message History

Your shadow mimics your spell!
The minotaur resists with almost no effort.
You block the minotaur's attack.
The minotaur barely misses you. 😕 HP[+1] MP[-2]
You lost 2 mp, and now have 14/23 mp.
Unknown command.
Casting: Ensorcelled Hibernation (safe; 1% risk of failure)
Confirm with . or Enter, or press ? or * to list all spells.
Aiming: Ensorcelled Hibernation (safe; 1% risk of failure)
Press: ? - help, Shift-Dir - straight line, f/p - minotaur
Aim: a minotaur, wielding a +0 bardiche, wearing +2 pearl dragon scales, wearing a +6 ring of intelligence and quivering javelins (umbra, chance to affect: 6%)
The minotaur resists with almost no effort.
Malevolent energies surge around you.
The minotaur hits you with a +0 bardiche!!
The minotaur is very cold.
The minotaur barely misses you. 😮 HP[-16] MP[-4]
You take 16 damage, and now have 67/98 hp.
You lost 4 mp, and now have 10/23 mp.
Casting: Ensorcelled Hibernation (safe; 1% risk of failure)
Confirm with . or Enter, or press ? or * to list all spells.
Aiming: Ensorcelled Hibernation (safe; 1% risk of failure)
Press: ? - help, Shift-Dir - straight line, f/p - minotaur
Aim: a minotaur, wielding a +0 bardiche, wearing +2 pearl dragon scales, wearing a +6 ring of intelligence and quivering javelins (lightly wounded, umbra, chance to affect: 6%)
The minotaur resists with almost no effort.
Malevolent energies surge around you.
Your shadow mimics your spell!
The minotaur resists with almost no effort.
The minotaur hits you with a +0 bardiche!
The minotaur is very cold.
The minotaur closely misses you. 😮 HP[-13] MP[-4]
You take 13 damage, and now have 54/98 hp.
You lost 4 mp, and now have 6/23 mp.
Unknown command.
Casting: Ensorcelled Hibernation (safe; 1% risk of failure)
Confirm with . or Enter, or press ? or * to list all spells.
Aiming: Ensorcelled Hibernation (safe; 1% risk of failure)
Press: ? - help, Shift-Dir - straight line, f/p - minotaur
Aim: a minotaur, wielding a +0 bardiche, wearing +2 pearl dragon scales, wearing a +6 ring of intelligence and quivering javelins (moderately wounded, umbra, chance to affect: 6%)
The minotaur resists with almost no effort.
Malevolent energies surge around you.
Your shadow mimics your spell!
The minotaur resists with almost no effort.
The minotaur bellows!
The minotaur closely misses you.
The minotaur barely misses you. 😮 HP[+1] MP[-2]
You lost 2 mp, and now have 4/23 mp.
Unknown command.
Casting: Ensorcelled Hibernation (safe; 1% risk of failure)
Confirm with . or Enter, or press ? or * to list all spells.
Aiming: Ensorcelled Hibernation (safe; 1% risk of failure)
Press: ? - help, Shift-Dir - straight line, f/p - minotaur
Aim: a minotaur, wielding a +0 bardiche, wearing +2 pearl dragon scales, wearing a +6 ring of intelligence and quivering javelins (moderately wounded, umbra, chance to affect: 6%)
The minotaur resists with almost no effort.
Malevolent energies surge around you.
Your shadow mimics your spell!
The minotaur resists with almost no effort.
You block the minotaur's attack.
The minotaur gores you but does no damage.
The minotaur is very cold. 😮 HP[+1] MP[-1]
You lost 1 mp, and now have 3/23 mp.
Unknown command.
Casting: Ensorcelled Hibernation (safe; 1% risk of failure)
Confirm with . or Enter, or press ? or * to list all spells.
Aiming: Ensorcelled Hibernation (safe; 1% risk of failure)
Press: ? - help, Shift-Dir - straight line, f/p - minotaur
Aim: a minotaur, wielding a +0 bardiche, wearing +2 pearl dragon scales, wearing a +6 ring of intelligence and quivering javelins (moderately wounded, umbra, chance to affect: 6%)
The minotaur resists with almost no effort.
Malevolent energies surge around you.
The minotaur hits you with a +0 bardiche!!
* * * LOW HITPOINT WARNING * * *
The minotaur is very cold.
The minotaur gores you but does no damage.
The minotaur is very cold. 😨 HP[-23] MP[-2]
You take 23 damage, and now have 33/98 hp.
MASSIVE DAMAGE!! (PAUSE)
You lost 2 mp, and now have 1/23 mp.
Aiming: Paralyse
Press: ? - help, Shift-Dir - straight line, f/p - minotaur
Aim: a minotaur, wielding a +0 bardiche, wearing +2 pearl dragon scales, wearing a +6 ring of intelligence and quivering javelins (heavily wounded, umbra, chance to affect: 1%)
The minotaur resists with almost no effort.
You block the minotaur's attack.
The minotaur barely misses you. 😨 HP[+1]
Aiming: Paralyse
Press: ? - help, Shift-Dir - straight line, f/p - minotaur
Aim: a minotaur, wielding a +0 bardiche, wearing +2 pearl dragon scales, wearing a +6 ring of intelligence and quivering javelins (heavily wounded, umbra, chance to affect: 1%)
The minotaur resists with almost no effort.
The minotaur hits you but does no damage.
The minotaur is very cold.
The minotaur gores you!
* * * LOW HITPOINT WARNING * * *
The minotaur is very cold. 😨 HP[-5]
You take 5 damage, and now have 29/98 hp.
Aiming: Paralyse
Press: ? - help, Shift-Dir - straight line, f/p - minotaur
Aim: a minotaur, wielding a +0 bardiche, wearing +2 pearl dragon scales, wearing a +6 ring of intelligence and quivering javelins (heavily wounded, umbra, chance to affect: 1%)
The minotaur resists with almost no effort.
The minotaur hits you with a +0 bardiche!!!
You die...

Skill      XL: |  1  2  3  4  5  6  7  8  9 10 11 12 |
---------------+-------------------------------------+-----
Short Blades   | 1 2 3 4 5 6 7 9 10 | 10.5
Stealth        | 3 4 5 6 7 9 10 11 | 11.7
Dodging        | 2 |  2.0
Fighting       | 1 2 3 4 5 6 7 8 |  8.2
Ice Magic      | 1 2 3 4 5 |  5.0
Spellcasting   | 3 4 5 6 7 |  7.0
Hexes          | 4 5 6 8 10 | 10.0
Armour         | |  0.2
Shields        | |  0.6

Action                     |  1- 3 |  4- 6 |  7- 9 | 10-12 | 13-15 || total
---------------------------+-------+-------+-------+-------+-------++-------
  Melee: Dagger            |    71 |   230 |   241 |   395 |     3 ||   940
         Punch             |     1 |     2 |     5 |     3 |       ||    11
         Touch             |       |    13 |    44 |    57 |       ||   114
   Cast: Ensorcelled Hiber |     3 |    38 |    27 |    82 |     9 ||   159
         Confusing Touch   |       |     3 |    17 |     7 |     1 ||    28
         Dazzling Flash    |       |       |       |     4 |       ||     4
  Evoke: Wand              |       |     2 |       |       |     3 ||     5
    Use: Scroll            |     3 |     6 |    12 |     9 |       ||    30
         Potion            |       |       |     1 |     4 |       ||     5
   Stab: Sleeping          |     2 |    28 |    24 |    56 |       ||   110
         Paralysed         |     1 |    12 |    27 |    35 |       ||    75
         Confused          |       |     1 |     5 |     3 |     1 ||    10
         Distracted        |       |       |       |     1 |       ||     1
         Invisible         |       |       |       |     4 |       ||     4
 Armour: Robe              |    46 |   116 |    99 |    35 |       ||   296
         Troll leather arm |       |       |       |   214 |    11 ||   225
  Dodge: Dodged            |    62 |   124 |   129 |   204 |     7 ||   526
  Block: Other             |       |       |     4 |    65 |       ||    69
         Buckler           |       |       |       |     9 |     5 ||    14

Levels and vault maps discovered:
D:1:      dpeg_arrival_shelter, layout_basic
D:2:      layout_rooms
D:3:      layout_basic, dreamdust_ecumenical_altar_statues,
          gammafunk_ghost_smash, serial_shops, nicolae_diamond_shop,
          uniq_terence
D:4:      layout_loops_corners, temple_hall_moat, serial_park_tiny_1,
          minmay_mini_ossuary, uniq_eustachio
D:5:      layout_loops_cross, mainiacjoe_overflow_small_starburst,
          grunt_ministairs_12
D:6:      layout_rooms, lemuel_doored_altar, serial_shops, shop, uniq_grinder,
          uniq_menkaure
D:7:      layout_basic, nemelex_dance_club_becter, tso_oasis_becter,
          lightli_ossuary_entry_decrepit_ruins
D:8:      layout_basic, grunt_temple_overflow_forces_of_nature,
          mainiacjoe_overflow_24_doors, overflow_temple_1_default,
          corexii_corridor_pit
D:9:      layout_basic, roderic_serpentine_path, hangedman_decor_peaks_small,
          nicolae_fountain_basement
D:10:     layout_roguey, nicolae_trove_entry_diagonal, minmay_between,
          uniq_snorg, uniq_maggie
D:11:     layout_layer_cave, david_lair_generic
Temple:   dpeg_chambers_temple
Lair:1:   layout_cave_shapes
Lair:2:   beargit_carnivore_pack, layout_chaotic_city
Lair:3:   layout_loops_ring, minmay_shoals_entry_lonely_mermaid,
          nicolae_spider_entry_non_spiders, gauntlet_entry_generic,
          minmay_lair_oklob_bushes, infiniplex_staircase_pool
Gauntlet: gammafunk_gauntlet_shortcut
          [minmay_gauntlet_arena_make_your_own_arena,
          gammafunk_gauntlet_arena_crates, nicolae_gauntlet_arena_quarters,
          gammafunk_gauntlet_arena_split_diamond,
          gammafunk_gauntlet_arena_arrow_garden,
          gammafunk_gauntlet_arena_hedges,
          nicolae_gauntlet_exit_dead_adventurers]

Notes
Turn   | Place    | Note
-------+----------+-------------------------------------------
     0 | D:1      | kae the Demonspawn Enchanter began the quest for the Orb.
     0 | D:1      | Reached XP level 1. HP: 13/13 MP: 3/3
     0 | D:1      | magus.rc [v1.11.3]
    55 | D:1      | Reached skill level 1 in Short Blades
   105 | D:1      | Gained mutation: Spells you cast may paralyse adjacent
                  | enemies. [demonic ancestry]
   105 | D:1      | Reached XP level 2. HP: 11/19 MP: 5/5
   263 | D:1      | Learned a level 2 spell: Ensorcelled Hibernation
   317 | D:1      | Reached skill level 3 in Stealth
   669 | D:1      | Reached skill level 2 in Dodging
   669 | D:1      | Reached XP level 3. HP: 24/25 MP: 2/6
   704 | D:2      | Noticed a scorpion
   713 | D:2      | Killed a scorpion
   714 | D:2      | Reached skill level 1 in Fighting
   714 | D:2      | Reached skill level 2 in Short Blades
   714 | D:2      | Reached XP level 4. HP: 32/32 MP: 2/7
  1229 | D:3      | Learned a level 3 spell: Confusing Touch
  1281 | D:3      | Found a faded altar of an unknown god.
  1460 | D:3      | Reached skill level 1 in Ice Magic
  1465 | D:2      | Gained mutation: You regenerate magic rapidly. [demonic
                  | ancestry]
  1465 | D:2      | Reached XP level 5. HP: 29/37 MP: 3/8
  1560 | D:3      | Found a transporter.
  1574 | D:3      | Found a transporter.
  1575 | D:3      | Noticed decrepitude's ghost (amateur GrMo)
  1580 | D:3      | Noticed an ogre
  1580 | D:3      | Noticed an ogre
  2399 | D:3      | Found Vaixt's Jewellery Shop.
  2413 | D:3      | Noticed Terence
  2424 | D:3      | Killed Terence
  2494 | D:3      | Reached skill level 2 in Fighting
  2626 | D:3      | Learned a level 3 spell: Tukima's Dance
  2721 | D:4      | Reached skill level 4 in Stealth
  2741 | D:4      | Gained mutation: Your touch may inflict minor irresistible
                  | damage on your foes. [demonic ancestry]
  2741 | D:4      | Reached XP level 6. HP: 44/44 MP: 10/10
  2765 | D:4      | Noticed Eustachio
  3639 | D:4      | Found a staircase to the Ecumenical Temple.
  3643 | Temple   | Entered the Ecumenical Temple
  3651 | Temple   | Became a worshipper of Dithmenos the Shadowed
  3741 | D:5      | Entered Level 5 of the Dungeon
  3746 | D:5      | Reached skill level 3 in Short Blades
  3819 | D:5      | Reached skill level 3 in Spellcasting
  4007 | D:5      | Found an ancient bone altar of Kikubaaqudgha.
  4037 | D:5      | Gained mutation: When hurt, damage is shared between your
                  | health and your magic reserves. [demonic ancestry]
  4037 | D:5      | Reached XP level 7. HP: 51/51 MP: 8/11
  4178 | D:5      | Reached skill level 2 in Ice Magic
  4180 | D:5      | Reached skill level 4 in Hexes
  4387 | D:5      | Reached skill level 5 in Stealth
  4392 | D:5      | Reached skill level 3 in Fighting
  4664 | D:5      | Reached * piety under Dithmenos
  4665 | D:5      | Reached skill level 4 in Short Blades
  4797 | D:6      | Noticed Grinder
  4815 | D:5      | Killed Grinder
  4816 | D:5      | Reached XP level 8. HP: 40/58 MP: 8/13
  4955 | D:6      | Found Nonurexa's Antique Armour Shoppe.
  5176 | D:6      | Found an iron altar of Okawaru.
  5183 | D:6      | Noticed Menkaure
  5208 | D:6      | HP: 12/58 [Menkaure (7)]
  5210 | D:6      | Killed Menkaure
  5389 | D:6      | You pick up a book of Burglary and begin reading...
  5389 | D:6      | You add the spells Passwall and Swiftness to your library.
  5399 | D:6      | You pick up a book of Conjurations and begin reading...
  5399 | D:6      | You add the spells Magic Dart, Searing Ray and Fulminant
                  | Prism to your library.
  5479 | D:7      | Found a sand-covered staircase.
  5577 | D:7      | Reached skill level 3 in Ice Magic
  5596 | D:7      | Reached skill level 6 in Stealth
  5611 | D:7      | Reached skill level 5 in Short Blades
  5611 | D:7      | Reached skill level 4 in Spellcasting
  5624 | Ossuary  | Entered an ossuary
  5844 | D:7      | Reached skill level 4 in Fighting
  5984 | D:7      | Reached skill level 5 in Hexes
  5984 | D:7      | Reached XP level 9. HP: 62/63 MP: 15/15
  5991 | D:7      | Reached ** piety under Dithmenos
  6504 | D:7      | Found a sparkling altar of Nemelex Xobeh.
  6644 | D:8      | Reached skill level 7 in Stealth
  6769 | D:8      | Reached skill level 6 in Short Blades
  6824 | D:8      | Found a stormy altar of Qazlal.
  6832 | D:8      | Found a blossoming altar of Fedhas.
  7138 | D:8      | Found a hazy altar of Hepliaklqana.
  7314 | D:8      | Learned a level 3 spell: Dazzling Flash
  7357 | D:9      | Reached skill level 4 in Ice Magic
  7361 | D:9      | Noticed a troll
  7368 | D:9      | Killed a troll
  7424 | D:9      | Reached skill level 5 in Fighting
  7424 | D:9      | Reached skill level 5 in Spellcasting
  7430 | D:9      | Reached XP level 10. HP: 40/74 MP: 5/17
  7446 | D:9      | Gained mutation: You have hidden genetic defects. [potion
                  | of mutation]
  7446 | D:9      | Gained mutation: You possess an exceptional clarity of
                  | mind. [potion of mutation]
  7446 | D:9      | Gained mutation: A frigid envelope surrounds you and
                  | freezes all who hurt you. [potion of mutation]
  7466 | D:9      | HP: 16/74 [orc warrior/+0 halberd (5)]
  7467 | D:9      | HP: 4/74 [orc priest/divine providence (12)]
  7868 | D:9      | You pick up a book of Dreams and begin reading...
  7868 | D:9      | You add the spells Jinxbite and Anguish to your library.
  8053 | D:9      | Reached skill level 8 in Stealth
  8060 | D:9      | Reached skill level 6 in Hexes
  8205 | D:9      | Reached *** piety under Dithmenos
  8206 | D:9      | Reached skill level 7 in Short Blades
  8431 | D:10     | Entered Level 10 of the Dungeon
  8445 | D:10     | Gained mutation: You are vulnerable to heat. (rF-) [hidden
                  | defects]
  8475 | D:10     | Noticed a two-headed ogre
  8479 | D:10     | Killed a two-headed ogre
  8607 | D:10     | Lost mutation: You possess an exceptional clarity of mind.
                  | [hidden defects]
  8607 | D:10     | Lost mutation: You have hidden genetic defects. [hidden
                  | defects expressed]
  8737 | D:10     | Noticed a gargoyle
  8755 | D:10     | Killed a gargoyle
  8756 | D:10     | Reached skill level 5 in Ice Magic
  8809 | D:10     | Noticed Maggie
  8813 | D:10     | Killed Maggie
  8814 | D:10     | Reached skill level 6 in Fighting
  8854 | D:10     | Noticed Snorg
  8994 | D:10     | Killed Snorg
  8995 | D:10     | Reached skill level 9 in Stealth
  8995 | D:10     | Reached XP level 11. HP: 81/81 MP: 12/19
  9027 | D:10     | Reached skill level 8 in Short Blades
  9037 | D:10     | You pick up a book of Hexes and begin reading...
  9037 | D:10     | You add the spells Cause Fear and Enfeeble to your library.
  9043 | D:10     | Noticed a boulder beetle
  9050 | D:10     | Reached skill level 6 in Spellcasting
  9052 | D:10     | Killed a boulder beetle
  9392 | D:10     | Found a portal to a secret trove of treasure.
  9406 | D:10     | Learned a level 4 spell: Cause Fear
  9414 | D:10     | Learned a level 7 spell: Enfeeble
  9772 | D:11     | Reached skill level 7 in Hexes
  9842 | D:11     | Found a staircase to the Lair.
 10299 | Lair:1   | Entered Level 1 of the Lair of Beasts
 10378 | Lair:1   | Reached **** piety under Dithmenos
 10452 | Lair:1   | Reached skill level 10 in Stealth
 10517 | Lair:1   | Reached skill level 9 in Short Blades
 10517 | Lair:1   | Reached skill level 8 in Hexes
 10520 | Lair:1   | Reached skill level 7 in Fighting
 10540 | Lair:1   | Reached XP level 12. HP: 63/91 MP: 8/22
 11219 | Lair:1   | Learned a level 2 spell: Jinxbite
 11271 | Lair:2   | Reached skill level 7 in Spellcasting
 11458 | Lair:2   | Reached skill level 9 in Hexes
 11647 | Lair:2   | Reached skill level 11 in Stealth
 11944 | Lair:2   | Reached skill level 10 in Short Blades
 12033 | Lair:2   | Noticed a four-headed hydra
 12043 | Lair:2   | Killed a four-headed hydra
 12301 | Lair:3   | Reached skill level 8 in Fighting
 12310 | Lair:3   | Noticed a boulder beetle
 12338 | Lair:3   | Reached ***** piety under Dithmenos
 12349 | Lair:3   | Killed a boulder beetle
 12367 | Lair:3   | Found a hole to the Spider Nest.
 12430 | Lair:3   | Found a gate leading to a gauntlet.
 12444 | Gauntlet | Entered a Gauntlet
 12444 | Gauntlet | Found a large runed translucent door.
 12444 | Gauntlet | Found a large runed translucent door.
 12444 | Gauntlet | Found a large runed translucent door.
 12444 | Gauntlet | Found a large runed translucent door.
 12444 | Gauntlet | Found a runed translucent door.
 12444 | Gauntlet | Found a large runed translucent door.
 12444 | Gauntlet | Found a large runed translucent door.
 12444 | Gauntlet | Found a transporter.
 12444 | Gauntlet | Found a transporter.
 12444 | Gauntlet | Found a large runed translucent door.
 12444 | Gauntlet | Found a large runed translucent door.
 12444 | Gauntlet | Found a runed translucent gate.
 12444 | Gauntlet | Found a runed translucent gate.
 12444 | Gauntlet | Found a transporter.
 12445 | Gauntlet | Found a transporter.
 12448 | Gauntlet | Found a transporter.
 12452 | Gauntlet | Found a runed translucent gate.
 12452 | Gauntlet | Found a runed translucent door.
 12453 | Gauntlet | Found a large runed translucent door.
 12453 | Gauntlet | Found a large runed translucent door.
 12460 | Gauntlet | Found a transporter.
 12489 | Gauntlet | Found a large runed translucent door.
 12489 | Gauntlet | Found a large runed translucent door.
 12492 | Gauntlet | Found a large runed translucent door.
 12492 | Gauntlet | Found a large runed translucent door.
 12493 | Gauntlet | Found a large runed translucent door.
 12494 | Gauntlet | Found a large runed translucent door.
 12523 | Gauntlet | Found a transporter.
 12533 | Gauntlet | Found a transporter.
 12548 | Gauntlet | Found a transporter.
 12562 | Gauntlet | Found a transporter.
 12573 | Gauntlet | Found a transporter.
 12579 | Gauntlet | Found a transporter.
 12741 | Gauntlet | Identified the +1 cloak "Musal" {*Corrode +Blink rN++
                  | Str-5}
 12841 | Gauntlet | Reached skill level 10 in Hexes
 12862 | Gauntlet | Gained mutation: Your touch may inflict irresistible damage
                  | on your foes. [demonic ancestry]
 12862 | Gauntlet | Reached XP level 13. HP: 72/98 MP: 13/23
 12951 | Gauntlet | Identified +2 pearl dragon scales
 12951 | Gauntlet | Noticed a minotaur
 12967 | Gauntlet | Mangled by a minotaur

Vanquished Creatures
  Snorg (D:10)
  A hydra (Lair:2)
  2 boulder beetles
  A two-headed ogre (D:10)
  A cyclops (D:11)
  7 elephants
  Maggie (D:10)
  2 large abominations (Gauntlet)
  3 cane toads
  A gargoyle (D:10)
  13 komodo dragons
  3 polar bears
  Grinder (D:5)
  3 trolls
  8 blink frogs
  A shadow (D:10)
  4 wyverns
  41 yaks
  A wraith (D:11)
  4 basilisks
  A steam dragon (D:10)
  Menkaure (D:6)
  An acid dragon (D:11)
  5 water moccasins
  4 orc warriors
  2 black bears
  2 ogres
  4 centaurs
  A phantom (D:7)
  A kobold brigand (D:9)
  5 bullfrogs
  4 small abominations (Gauntlet)
  4 scorpions
  11 wights
  11 killer bees
  4 howler monkeys
  3 centaur zombies (Ossuary)
  4 hounds (D:5)
  8 orc priests
  Terence (D:3)
  16 orc wizards
  6 mummies
  8 gnolls
  3 adders
  A shadow imp (D:6)
  2 white imps
  2 ufetubi (D:4)
  4 worms
  5 dart slugs
  38 orcs
  5 bats
  5 endoplasms
  5 giant cockroaches
  2 goblins
  8 hobgoblins
  5 jackals (D:4)
  4 kobolds
  4 quokkas
  6 ball pythons
  5 frilled lizards
  6 hobgoblin zombies
  3 orc zombies (D:4)
  4 rats (D:2)
323 creatures vanquished.

Table legend:
 A = Non-vault XP
 B = Vault XP
 C = Vault XP percentage of total XP
 D = Non-vault monster count
 E = Vault monster count
 F = Vault count percentage of total count
                 A         B        C        D         E       F
            +---------+---------+-------+---------+---------+-------
      Total |   30059 |    8123 |  21.3 |     260 |      63 |  19.5
            +---------+---------+-------+---------+---------+-------
        D:1 |      42 |       0 |   0.0 |      17 |       0 |   0.0
        D:2 |     184 |       0 |   0.0 |      25 |       0 |   0.0
        D:3 |     109 |      36 |  24.8 |      17 |       1 |   5.6
        D:4 |      41 |      22 |  34.9 |      14 |       5 |  26.3
        D:5 |     756 |     496 |  39.6 |      28 |      10 |  26.3
        D:6 |     150 |     183 |  55.0 |       3 |       1 |  25.0
        D:7 |    1207 |     115 |   8.7 |      22 |       2 |   8.3
        D:8 |     938 |       0 |   0.0 |      11 |       0 |   0.0
        D:9 |    2511 |     223 |   8.2 |      26 |       3 |  10.3
       D:10 |    3122 |    2320 |  42.6 |      18 |       7 |  28.0
       D:11 |    2621 |    1006 |  27.7 |      11 |       4 |  26.7
     Lair:1 |    8422 |       0 |   0.0 |      38 |       0 |   0.0
     Lair:2 |    7610 |    1059 |  12.2 |      20 |       3 |  13.0
     Lair:3 |    2346 |     933 |  28.5 |      10 |       8 |  44.4
    Ossuary |       0 |     234 | 100.0 |       0 |      13 | 100.0
   Gauntlet |       0 |    1496 | 100.0 |       0 |       6 | 100.0
            +---------+---------+-------+---------+---------+-------

Skill      XL: |  1  2  3  4  5  6  7  8  9 10 11 12 |
---------------+-------------------------------------+-----
Short Blades   | 1 2 3 4 5 6 7 9 10 | 10.5
Stealth        | 3 4 5 6 7 9 10 11 | 11.7
Dodging        | 2 |  2.0
Fighting       | 1 2 3 4 5 6 7 8 |  8.2
Ice Magic      | 1 2 3 4 5 |  5.0
Spellcasting   | 3 4 5 6 7 |  7.0
Hexes          | 4 5 6 8 10 | 10.0
Armour         | |  0.2
Shields        | |  0.6

Action                     |  1- 3 |  4- 6 |  7- 9 | 10-12 | 13-15 || total
---------------------------+-------+-------+-------+-------+-------++-------
  Melee: Dagger            |    71 |   230 |   241 |   395 |     3 ||   940
         Punch             |     1 |     2 |     5 |     3 |       ||    11
         Touch             |       |    13 |    44 |    57 |       ||   114
   Cast: Ensorcelled Hiber |     3 |    38 |    27 |    82 |     9 ||   159
         Confusing Touch   |       |     3 |    17 |     7 |     1 ||    28
         Dazzling Flash    |       |       |       |     4 |       ||     4
  Evoke: Wand              |       |     2 |       |       |     3 ||     5
    Use: Scroll            |     3 |     6 |    12 |     9 |       ||    30
         Potion            |       |       |     1 |     4 |       ||     5
   Stab: Sleeping          |     2 |    28 |    24 |    56 |       ||   110
         Paralysed         |     1 |    12 |    27 |    35 |       ||    75
         Confused          |       |     1 |     5 |     3 |     1 ||    10
         Distracted        |       |       |       |     1 |       ||     1
         Invisible         |       |       |       |     4 |       ||     4
 Armour: Robe              |    46 |   116 |    99 |    35 |       ||   296
         Troll leather arm |       |       |       |   214 |    11 ||   225
  Dodge: Dodged            |    62 |   124 |   129 |   204 |     7 ||   526
  Block: Other             |       |       |     4 |    65 |       ||    69
         Buckler           |       |       |       |     9 |     5 ||    14

Illustrated notes

Table legend:
 A = Kills in this place as a percentage of kills in the entire game.
 B = Kills by you in this place as a percentage of kills by you in the entire game.
 C = Kills by friends in this place as a percentage of kills by friends in the entire game.
 D = Other kills in this place as a percentage of other kills in the entire game.
 E = Experience gained in this place as a percentage of experience gained in the entire game.
 F = Experience gained in this place divided by the number of levels of this place that you have seen.
                   A       B       C       D       E      F
               +-------+-------+-------+-------+-------+----------------------
         Total | 100.0 | 100.0 |   N/A | 100.0 | 100.0 | 2246.0
       Dungeon |  69.7 |  69.6 |   N/A | 100.0 |  42.1 | 1462.0
          Lair |  24.5 |  24.5 |   N/A |   0.0 |  53.3 | 6790.0
       Ossuary |   4.0 |   4.0 |   N/A |   0.0 |   0.6 | 234.0
      Gauntlet |   1.9 |   1.9 |   N/A |   0.0 |   3.9 | 1496.0
               +-------+-------+-------+-------+-------+----------------------

Table legend: (Time is in decaauts)
 A = Elapsed time spent in this place.
 B = Non-inter-level travel time spent in this place.
 C = Inter-level travel time spent in this place.
 D = Time resting spent in this place.
 E = Time spent auto-exploring this place.
 F = Levels seen in this place.
 G = Mean time per level.
                   A        B        C        D        E       F      G
               +--------+--------+--------+--------+--------+-----+--------+
         Total |  12691 |  12188 |    503 |    659 |   8933 |  17 |  746.5 |
       Dungeon |   9953 |   9487 |    466 |    538 |   7111 |  11 |  904.8 |
        Temple |     16 |      9 |      7 |      0 |      0 |   1 |   16.0 |
          Lair |   2051 |   2022 |     29 |     56 |   1566 |   3 |  683.7 |
       Ossuary |    175 |    175 |      0 |     34 |     47 |   1 |  175.0 |
      Gauntlet |    494 |    494 |      0 |     30 |    209 |   1 |  494.0 |
               +--------+--------+--------+--------+--------+-----+--------+

Top non-repeatable levels by time:
     D:3: 1136 daAuts
     D:5: 1085 daAuts
     D:4: 1072 daAuts
  Lair:2: 1027 daAuts
    D:10: 1016 daAuts
     D:9: 980 daAuts
     D:7: 965 daAuts
  Lair:1: 902 daAuts
     D:2: 845 daAuts
    D:11: 817 daAuts
     D:8: 779 daAuts
     D:1: 647 daAuts
     D:6: 608 daAuts
Gauntlet: 494 daAuts
 Ossuary: 175 daAuts
